 Dungeon Crawl Stone Soup version 0.19.0-22-gd96e5fe (webtiles) character file.

101 smedtjen the Firebug (level 4, 0/33 HPs)
             Began as a Demigod Fire Elementalist on Nov 19, 2016.
             Succumbed to a kobold's poison
             ... on level 3 of the Dungeon.
             The game lasted 00:15:13 (3000 turns).

smedtjen the Firebug (Demigod Fire Elementalist)    Turns: 3000, Time: 00:15:14

Health: 0/33       AC:  2    Str: 14 (15) XL:     4   Next: 24%
Magic:  2/10       EV: 12    Int: 20 (21) God:
Gold:   80         SH:  0    Dex: 13 (16) Spells: 2 memorised, 5 levels left

rFire  . . .     SeeInvis .     n - +0 quarterstaff
rCold  . . .     Gourm    .     a - +0 robe
rNeg   . . .     Faith    .     (shield currently unavailable)
rPois  .         Spirit   .     (no helmet)
rElec  .         Reflect  .     (no cloak)
rCorr  .         Harm     .     (no gloves)
MR     .....                    (no boots)
Stlth  ++........               (no amulet)
                                (no ring)
                                l - +4 ring of strength

@: lethally poisoned (0 -> -2)
A: high mp 1
a: no special abilities


You were on level 3 of the Dungeon.
You were not hungry.

You visited 1 branch of the dungeon, and saw 3 of its levels.

You collected 80 gold pieces.

Inventory:

Hand Weapons
 g - a +0 spear
 n - a +0 quarterstaff (weapon)
 q - a +0 hunting sling
Missiles
 d - 58 stones (quivered)
 e - 57 arrows
 k - 13 poisoned needles
Armour
 a - a +0 robe (worn)
Jewellery
 l - a +4 ring of strength (left hand)
Scrolls
 h - 2 scrolls of enchant weapon
 j - a scroll of identify
 p - a scroll of amnesia
Potions
 i - a potion of cancellation
Books
 b - a book of Flames

   Spells                             Type                      Level
   a - Flame Tongue                   Conjuration/Fire             1
   b - Throw Flame                    Conjuration/Fire             2
   c - Conjure Flame                  Conjuration/Fire             3
   d - Inner Flame                    Hexes/Fire                   3
   e - Sticky Flame                   Conjuration/Fire             4
   f - Fireball                       Conjuration/Fire             5
Comestibles
 c - a bread ration
 f - 3 fruits
 m - a chunk of flesh


   Skills:
 + Level 0.5 Polearms
 + Level 2.0 Dodging
 + Level 1.9 Stealth
 + Level 2.7 Spellcasting
 + Level 1.7 Conjurations
 + Level 3.4 Fire Magic


You had 5 spell levels left.
You knew the following spells:

 Your Spells              Type           Power        Failure   Level  Hunger
a - Flame Tongue          Conj/Fire      ##...        6%          1    None
b - Throw Flame           Conj/Fire      ##....       10%         2    ##.....


Dungeon Overview and Level Annotations

Branches:
Dungeon (3/15)


Innate Abilities, Weirdness & Mutations

You have an increased reservoir of magic. (+10% MP)


Message History

You see here a bat corpse.
You butcher the bat corpse.
Things that are here:
a chunk of flesh; a bat skeleton
Okay, then.
m - a chunk of flesh You aren't quite hungry enough to eat that!
Unknown command.
There is a lethal amount of poison in your body!
There is a lethal amount of poison in your body!
You start eating one of the 4 fruits.
* * * LOW HITPOINT WARNING * * *
You feel sick.
That choko was very bland.
Throwing (i - inventory):
d - 58 stones (quivered)
Press: ? - help, Shift-Dir - straight line, f - you
Okay, then.
You aren't quite hungry enough to eat that!
Found a stone staircase leading down.
You die...

#..<).......##
#.###.####....
#. #.##...## # .
#....# ..##
##._..#
#....#.รท..##
.####.#...>##..#
.>............#
.#....@.#..###
#.#...###.# ..
#..## .# . ....
.. ##.#. .. #..#
## # #


There were no monsters in sight!

Vanquished Creatures
  5 adders
  An ooze (D:2)
  An adder skeleton (D:1)
  2 dart slugs (D:1)
  2 leopard geckos
  8 bats
  6 giant cockroaches (D:1)
  6 hobgoblins
  3 frilled lizards
  6 kobolds
  6 rats
46 creatures vanquished.

Notes
Turn   | Place    | Note
-------+----------+-------------------------------------------
     0 | D:1      | smedtjen the Demigod Fire Elementalist began the quest for the Orb.
     0 | D:1      | Reached XP level 1. HP: 14/14 MP: 5/5
   502 | D:1      | Reached skill level 1 in Conjurations
   502 | D:1      | Reached XP level 2. HP: 20/20 MP: 2/7
   506 | D:1      | Learned a level 2 spell: Throw Flame
   516 | D:1      | Reached skill level 3 in Fire Magic
  1382 | D:1      | Reached XP level 3. HP: 26/26 MP: 0/9
  2966 | D:3      | Reached XP level 4. HP: 31/33 MP: 5/10
  2982 | D:3      | Found a bloodstained altar of Trog.
  2993 | D:3      | HP: 1/33 [poisoned by a kobold]
  3000 | D:3      | Succumbed to a kobold's poison

Skill      XL: |  1  2 |
---------------+-------+-----
Spellcasting   | 2 |  2.7
Conjurations   | 1 |  1.7
Fire Magic     | 3 |  3.4
Dodging        | 2 |  2.0
Polearms       | |  0.5
Stealth        | |  1.9

Action                   |  1- 3 |  4- 6 || total
-------------------------+-------+-------++-------
Melee: Spear             |    36 |       ||    36
       Quarterstaff      |       |     3 ||     3
 Cast: Flame Tongue      |    47 |     8 ||    55
       Throw Flame       |    23 |       ||    23
  Use: Scroll            |       |     2 ||     2
       Potion            |       |     2 ||     2
  Eat: Meat ration       |     1 |       ||     1
       Chunk             |     2 |       ||     2
       Fruit             |     1 |     1 ||     2
Armor: Robe              |    11 |     2 ||    13
Dodge: Dodged            |    25 |     6 ||    31
